 Dungeon Crawl Stone Soup version 0.21.1-1-g345015f (webtiles) character file.

34 Flooderbenga the Grave Robber (level 3, -7/25 HPs)
             Began as a Gnoll Necromancer on Apr 10, 2018.
             Killed from afar by an orc wizard (12 damage)
             ... with a puff of frost
             ... on level 3 of the Dungeon.
             The game lasted 00:07:06 (393 turns).

Flooderbenga the Grave Robber (Gnoll Necromancer)    Turns: 393, Time: 00:07:07

Health: -7/25      AC:  2    Str: 10    XL:     3   Next: 31%
Magic:  1/9        EV: 14    Int: 18    God:
Gold:   32         SH:  0    Dex: 15    Spells: 7/12 levels left

rFire    . . .     SeeInvis .   e - +2 dagger (venom)
rCold    . . .     Gourm    .   (no shield)
rNeg     . . .     Faith    .   a - +0 robe
rPois    .         Spirit   .   (no helmet)
rElec    .         Reflect  .   (no cloak)
rCorr    .         Harm     .   (no gloves)
MR       .....                  (no boots)
Stlth    +++.......             (no amulet)
HPRegen  0.08/turn              (no ring)
MPRegen  0.11/turn              (no ring)

@: no status effects
A: distributed training, fangs 1, strong nose
a: no special abilities


You were on level 3 of the Dungeon.
You were not hungry.

You visited 1 branch of the dungeon, and saw 3 of its levels.

You collected 32 gold pieces.

Inventory:

Hand Weapons
 e - a +2 dagger of venom (weapon)
Armour
 a - a +0 robe (worn)
Scrolls
 d - 2 scrolls of identify {unknown}
 h - 2 scrolls of enchant weapon {unknown}
Potions
 f - a potion of cancellation {unknown}
 g - a potion of heal wounds {unknown}
 i - a potion of berserk rage {unknown}
Books
 b - a book of Necromancy

   Spells                             Type                      Level
   a - Pain                           Necromancy                   1
   b - Animate Skeleton               Necromancy                   1
   c - Vampiric Draining              Necromancy                   3
   d - Regeneration                   Charms/Necromancy            3
   e - Animate Dead                   Necromancy                   4
   f - Borgnjor's Vile Clutch         Necromancy/Earth             5
Comestibles
 c - 2 rations


   Skills:
 + Level 0.7 Fighting
 + Level 0.7 Short Blades
 + Level 0.7 Long Blades
 + Level 0.7 Axes
 + Level 0.7 Maces & Flails
 + Level 0.7 Polearms
 + Level 0.7 Staves
 + Level 0.7 Slings
 + Level 0.7 Bows
 + Level 0.7 Crossbows
 + Level 0.7 Throwing
 + Level 0.7 Armour
 + Level 4.5 Dodging
 + Level 4.1 Stealth
 + Level 0.7 Shields
 + Level 0.7 Unarmed Combat
 + Level 5.0 Spellcasting
 + Level 0.5 Conjurations
 + Level 0.5 Hexes
 + Level 0.5 Charms
 + Level 0.5 Summonings
 + Level 7.1 Necromancy
 + Level 0.5 Translocations
 + Level 0.5 Transmutations
 + Level 0.5 Fire Magic
 + Level 0.5 Ice Magic
 + Level 0.5 Air Magic
 + Level 0.5 Earth Magic
 + Level 0.5 Poison Magic
 + Level 0.9 Invocations
 + Level 0.7 Evocations


You had 7 spell levels left.
You knew the following spells:

 Your Spells              Type           Power        Failure   Level  Hunger
a - Pain                  Necr           ####         1%          1    None
r - Regeneration          Chrm/Necr      ###.......   9%          3    ##.....
z - Animate Skeleton      Necr           N/A          1%          1    None


Dungeon Overview and Level Annotations

Branches:
Dungeon (3/15)

Altars:


Innate Abilities, Weirdness & Mutations

Your experience applies equally to all skills.
You have very sharp teeth.
Your uncanny sense of smell can sniff out nearby items.


Message History

You see here a robe.
You now have 32 gold pieces (gained 10).
A bat and a rat come into view.
Found 21 stones.
You see here a robe.
An orc and an orc wizard come into view.
Found a dagger.
Aim: an orc wizard, wielding a dagger and wearing a robe (chance to defeat MR: 84%)
Okay, then.
Aim: an orc wizard, wielding a dagger and wearing a robe (chance to defeat MR: 84%)
The orc wizard writhes in agony!
You take 1 damage, and have 7/25 hp.
You now have 3/9 mp.
Aim: an orc wizard, wielding a dagger and wearing a robe (lightly wounded, chance to defeat MR: 84%)
The orc wizard writhes in agony!
You take 1 damage, and have 6/25 hp.
You now have 2/9 mp.
Aim: an orc wizard, wielding a dagger and wearing a robe (lightly wounded, chance to defeat MR: 84%)
The orc wizard writhes in agony!
The orc wizard casts a spell at you. The puff of frost hits you!
You die...

#...r.
.##....†.......
..b..
#............
....
#............
..(
#..#...#####.
.. #......# #.
##.##.##
#.######.##.#
#....[......#
########@####
..#####o#
#.......#
########..oo...
.##.##. .# .#
.# .#


You could see an orc wizard.

Vanquished Creatures
  2 adders
  A leopard gecko (D:1)
  2 giant cockroaches
  2 goblins (D:1)
  A quokka (D:2)
  A frilled lizard (D:1)
  4 kobolds (D:1)
  2 rats (D:1)
15 creatures vanquished.

Vanquished Creatures (collateral kills)
  A rat (D:1)
1 creature vanquished.

Vanquished Creatures (others)
  5 toadstools (D:1)
5 creatures vanquished.

Grand Total: 21 creatures vanquished

Notes
Turn   | Place    | Note
-------+----------+-------------------------------------------
     0 | D:1      | Flooderbenga the Gnoll Necromancer began the quest for the Orb.
     0 | D:1      | Reached XP level 1. HP: 13/13 MP: 6/6
    72 | D:1      | Learned a level 1 spell: Animate Skeleton
   100 | D:1      | Reached XP level 2. HP: 8/19 MP: 2/7
   314 | D:2      | Reached XP level 3. HP: 11/25 MP: 6/9
   319 | D:2      | Learned a level 3 spell: Regeneration
   356 | D:3      | Reached skill level 5 in Spellcasting
   393 | D:3      | Killed from afar by an orc wizard

Skill      XL: |  1  2  3 |
---------------+----------+-----
Spellcasting   | 5 |  5.0
Fighting       | |  0.7
Short Blades   | |  0.7
Long Blades    | |  0.7
Axes           | |  0.7
Maces & Flails | |  0.7
Polearms       | |  0.7
Staves         | |  0.7
Slings         | |  0.7
Bows           | |  0.7
Crossbows      | |  0.7
Throwing       | |  0.7
Armour         | |  0.7
Dodging        | |  4.5
Stealth        | |  4.1
Shields        | |  0.7
Unarmed Combat | |  0.7
Conjurations   | |  0.5
Hexes          | |  0.5
Charms         | |  0.5
Summonings     | |  0.5
Necromancy     | |  7.1
Translocations | |  0.5
Transmutations | |  0.5
Fire Magic     | |  0.5
Ice Magic      | |  0.5
Air Magic      | |  0.5
Earth Magic    | |  0.5
Poison Magic   | |  0.5
Invocations    | |  0.9
Evocations     | |  0.7

Action                   || total
-------------------------++-------
Melee: Dagger            ||     2
 Cast: Pain              ||    32
       Animate Skeleton  ||     1
       Regeneration      ||     1
Dodge: Dodged            ||     4
